Map: Dusk Towers

Players

Eros

  • Race: Zerg Zerg
  • League: Grandmaster

Seither - Winner!

  • Race: Terran Terran
  • League: Master

VOD

Have the link to the VOD?

Description

Time

  • Played on: Dec. 13, 2015, 2:52 a.m.
  • Length: 6:38
Show
View Real Time Build Order
Export as new Build Order

Eros Zerg 

Build Orders: Pool First 

Get SALT Encoding   

  12  0:01  Drone  
  13  0:13  Overlord  
  13  0:18  Drone  
  14  0:21  Extractor  
  14  0:23  Drone  
  15  0:33  Drone  
  16  0:37  Drone  
  17  0:46  Spawning Pool  
  16  0:50  Drone  
  17  0:58  Drone  
  18  1:15  Hatchery  
  17  1:33  Zergling x6  
  17  1:34  Queen  
  22  1:53  Hatchery  
  21  1:57  Overlord  
  21  2:00  Extractor  
  20  2:04  Drone  
  21  2:10  Drone  
  22  2:16  Queen  
  25  2:22  Drone  
  25  2:27  Drone x2  
  27  2:37  Queen  
  29  2:47  Drone x2  
  29  2:49  Drone  
  31  2:51  Drone  
  31  2:58  Overlord  
  31  3:02  Drone  
  32  3:09  Queen  
  34  3:14  Metabolic Boost  
  34  3:18  Drone  
  35  3:20  Drone  
  36  3:29  Drone x3  
  39  3:44  Drone x2  
  39  3:45  Drone, Overlord  
  39  3:46  Drone x2  
  44  3:54  Roach Warren  
  43  3:55  Drone  
  43  3:56  Drone  
  43  4:01  Lair  
  45  4:07  Zergling x4  
  45  4:08  Zergling x2  
  48  4:12  Zergling x2  
  47  4:30  Drone x3  
  47  4:31  Drone  
  46  4:33  Drone x5  
  46  4:34  Drone x2  
  50  4:44  Drone x3  
  50  4:46  Drone x2  
  50  4:49  Drone x2  
  50  4:50  Drone  
  54  4:55  Drone, Extractor  
  54  5:04  Overseer  
  53  5:10  Roach x2  
  53  5:11  Overlord, Spine Crawler  
  56  5:15  Extractor x2  
  55  5:21  Drone x3  
  55  5:31  Roach x4  
  55  5:32  Roach  
  65  5:39  Drone x2  
  66  5:48  Overlord x2  
  66  5:53  Drone  
  66  5:54  Drone  
  64  6:03  Drone  
  62  6:06  Overlord  
  62  6:07  Overlord  
  62  6:08  Drone  
  62  6:11  Drone x2  
Show
View Real Time Build Order
Export as new Build Order

Seither Terran - Winner!

Build Orders: Reaper Expand, Hellion Banshee 

Get SALT Encoding   

  12  0:00  SCV  
  13  0:13  SCV  
  14  0:17  Supply Depot  
  14  0:26  SCV  
  15  0:39  SCV  
  15  0:41  Barracks  
  16  0:46  Refinery  
  16  0:51  SCV  
  17  1:03  SCV  
  18  1:15  SCV  
  19  1:29  Reaper, Orbital Command  
  20  1:40  Command Center  
  20  1:50  Supply Depot  
  20  1:54  SCV  
  21  2:01  Marine  
  21  2:06  SCV  
  23  2:12  Factory  
  23  2:19  SCV  
  23  2:22  Refinery  
  24  2:23  Barracks Reactor  
  23  2:31  SCV, Bunker  
  24  2:43  SCV  
  25  2:52  Orbital Command  
  25  2:55  SCV  
  26  3:01  Starport  
  26  3:07  SCV  
  26  3:11  Hellion x2  
  26  3:12  Barracks Tech Lab  
  31  3:19  SCV x2  
  33  3:31  SCV  
  33  3:32  SCV  
  35  3:35  Hellion x2  
  39  3:43  SCV  
  39  3:44  SCV  
  39  3:48  Barracks Tech Lab  
  41  3:50  Banshee  
  41  3:55  SCV, Cloaking Field  
  45  3:56  SCV  
  45  4:02  Supply Depot  
  46  4:06  Hellion x2  
  46  4:07  SCV  
  46  4:08  SCV  
  52  4:15  Supply Depot, Stimpack, Marauder  
  54  4:23  SCV x2  
  56  4:31  Hellion x2  
  60  4:35  SCV  
  60  4:37  SCV  
  58  4:43  Banshee  
  61  4:47  SCV  
  61  4:50  SCV  
  58  4:56  Command Center  
  58  4:58  Hellion x2  
  63  5:00  SCV  
  63  5:02  SCV  
  63  5:05  Supply Depot  
  63  5:06  Marauder  
  66  5:12  SCV  
  67  5:16  SCV, Engineering Bay  
  67  5:17  Engineering Bay  
  68  5:24  SCV  
  69  5:31  SCV  
  69  5:34  Refinery  
  70  5:36  SCV, Starport Reactor  
  71  5:44  Refinery  
  71  5:48  SCV x2  
  73  5:50  Barracks  
  73  5:52  Barracks  
  73  6:00  SCV x2  
  73  6:02  Supply Depot  
  75  6:07  Barracks x2  
  75  6:08  Marine  
  75  6:11  Orbital Command  
  79  6:12  Supply Depot, SCV  
  79  6:13  Supply Depot  
Tags
 
Add a new tag
Caveats
  • Supply blocks, unpowered buildings, or Contaminate may cause inaccurate times.
  • Supply counts are checked every 10 seconds.